 Dungeon Crawl Stone Soup version 0.30-a0-883-g5ad918d77d (webtiles) character file.

Game seed: 17906827012690515480

620343 bmack86 the Conqueror (level 27, -65/273 HPs)
             Began as a Minotaur Fighter on Mar 18, 2023.
             Was the Champion of Okawaru.
             Killed from afar by an orb of fire (68 damage)
             ... with a fireball
             ... on level 5 of the Realm of Zot.
             The game lasted 03:30:43 (59660 turns).

bmack86 the Conqueror (Minotaur Fighter)           Turns: 59660, Time: 03:30:45

Health: -65/273    AC:  0    Str: 32    XL:     27
Magic:  26/33      EV: 17    Int:  3    God:    Okawaru [******]
Gold:   4849       SH:  5    Dex: 20    Spells: 26/26 levels left

rFire   . . .      SeeInvis .    f - melded +9 war axe "Gummaipp" {speed, rN++}
rCold   + + .      Faith    .    M - melded +5 tower shield {rC+}
rNeg    . . .      Spirit   .    y - melded +9 plate armour of the Lost Invaders {Fly rC- Regen+ Str+6}
rPois   .          Reflect  +    o - melded +2 hat of Tiulaaka {Harm rF+ Str+3}
rElec   .          Rampage  .    c - melded +1 cloak {Will+}
rCorr   .                        m - melded +3 pair of gauntlets of War {Slay+5}
Will    ++...                    a - melded +2 pair of slick slippers {slick, slippery, EV+5}
Stlth   +++                      s - amulet "Tofupuhe" {Reflect rC++ Slay+4 SH+5}
HPRegen 0.65/turn                C - melded ring "Xuoqokk" {rC+ Will++ Str+6 Int-2 Dex+3}
MPRegen 0.23/turn                G - melded ring of Ashumu {rElec Will+ Int+6 SInv}

@: bat-form, marked, flying, studying 3 skills, very quick
A: fast, flying, no casting, tiny, (horns 2), (retaliatory headbutt), thin
skeletal structure 1, dopey 1, sense surroundings 1
}: 3/15 runes: decaying, silver, gossamer
a: Renounce Religion, Heroism, Finesse, Duel


You were on level 5 of the Realm of Zot.
You worshipped Okawaru.
Okawaru was exalted by your worship.
You were a bat.
You visited 11 branches of the dungeon, and saw 51 of its levels.
You visited the Abyss 1 time.
You also visited: Gauntlet, Ice Cave and Wizlab.

You collected 7899 gold pieces.
You spent 3050 gold pieces at shops.

Inventory:

Hand Weapons
 f - the +9 war axe "Gummaipp" (melded) {speed, rN++}
   (Okawaru gifted it to you on level 5 of the Lair of Beasts)

   rN:        It greatly protects you from negative energy.
 B - a +9 broad axe of protection
 L - the +8 broad axe of the Exiled Eyes {venom, rCorr Int+3}
   (You found it on level 3 of the Swamp)

   Int:       It affects your intelligence (+3).
   rCorr:     It protects you from acid and corrosion.
Missiles
 j - 3 throwing nets
 J - 19 boomerangs (quivered)
 U - 18 silver javelins
Armour
 a - the +2 pair of slick slippers (melded) {slick, slippery, EV+5}
   (You acquired it on level 14 of the Dungeon)

   Slick:     Its wearer cannot be constricted, engulfed, netted or webbed.
   Slippery:  It slips away from damaging melee attacks, pulling the attacker
   onward.
   EV:        It affects your evasion (+5).
 c - a +1 cloak of willpower (melded)
 h - +0 gold dragon scales
 m - the +3 pair of gauntlets of War (melded) {Slay+5}
   (Okawaru gifted it to you on level 15 of the Dungeon)

   Slay:      It affects your accuracy & damage with ranged weapons and melee
   (+5).
 o - the +2 hat of Tiulaaka (melded) {Harm rF+ Str+3}
   (You found it on level 2 of the Spider Nest)

   Str:       It affects your strength (+3).
   rF:        It protects you from fire.
   Harm:      It increases damage dealt and taken.
 y - the +9 plate armour of the Lost Invaders (melded) {Fly rC- Regen+ Str+6}
   (Okawaru gifted it to you on level 1 of the Elven Halls)

   Str:       It affects your strength (+6).
   rC:        It makes you vulnerable to cold.
   Fly:       It grants you flight.
   Regen:     It increases your rate of health regeneration.
 M - a +5 tower shield of cold resistance (melded)
Jewellery
 e - the ring "Ununim" {Fire Int+3 Dex+4}
   (You took it off a wizard on level 1 of the Depths)

   [ring of fire]

   It enhances your fire magic.
   Int:       It affects your intelligence (+3).
   Dex:       It affects your dexterity (+4).
   rF:        It protects you from fire.
   rC:        It makes you vulnerable to cold.
 l - a ring of protection from fire
 p - the ring "Akhus" {*Slow rF+ rC++ rCorr Dex+3}
   (You took it off a fire giant on level 2 of the Depths)

   [ring of resist corrosion]

   Dex:       It affects your dexterity (+3).
   rF:        It protects you from fire.
   rC:        It greatly protects you from cold.
   rCorr:     It protects you from acid and corrosion.
   *Slow:     It may slow you when you take damage.
 q - a +4 ring of slaying
 s - the amulet "Tofupuhe" (around neck) {Reflect rC++ Slay+4 SH+5}
   (You acquired it on level 2 of the Dungeon)

   [amulet of reflection]

   It reflects blocked missile attacks.
   Slay:      It affects your accuracy & damage with ranged weapons and melee
   (+4).
   rC:        It greatly protects you from cold.
   SH:        It affects your SH (+5).
 v - a ring of protection from cold
 C - the ring "Xuoqokk" (melded) {rC+ Will++ Str+6 Int-2 Dex+3}
   (You found it on level 3 of the Depths)

   [ring of strength]

   Str:       It affects your strength (+6).
   Int:       It affects your intelligence (-2).
   Dex:       It affects your dexterity (+3).
   rC:        It protects you from cold.
   Will:      It greatly increases your willpower.
 E - a +4 ring of protection
 F - a ring of poison resistance
 G - the ring of Ashumu (melded) {rElec Will+ Int+6 SInv}
   (You bought it in a shop on level 2 of the Elven Halls)

   [ring of intelligence]

   Int:       It affects your intelligence (+6).
   rElec:     It insulates you from electricity.
   SInv:      It lets you see invisible.
   Will:      It increases your willpower.
 H - a +6 ring of strength
 N - the ring "Xisoew" {*Slow rElec AC+4 Str+4 Int+4}
   (You found it on level 3 of the Elven Halls)

   [ring of protection]

   AC:        It affects your AC (+4).
   Str:       It affects your strength (+4).
   Int:       It affects your intelligence (+4).
   rElec:     It insulates you from electricity.
   *Slow:     It may slow you when you take damage.
 Q - a ring of protection from fire
 S - a ring of resist corrosion
 X - a +4 ring of protection
 Z - the amulet of Optimism {Rampage rN+ Regen+ Dex+7 Stlth-}
   (You found it on level 1 of the Spider Nest)

   [amulet of regeneration]

   Dex:       It affects your dexterity (+7).
   rN:        It protects you from negative energy.
   Regen:     It increases your rate of health regeneration.
   Rampage:   It bestows one free step when moving towards enemies.
   Stlth:     It makes you less stealthy.
Wands
 g - a wand of digging (19)
 u - a wand of roots (5)
Scrolls
 b - 2 scrolls of silence
 n - 12 scrolls of teleportation
 x - 13 scrolls of blinking
 D - 4 scrolls of magic mapping
 K - 2 scrolls of amnesia
 P - 5 scrolls of enchant weapon
 R - 9 scrolls of fog
 V - 5 scrolls of fear
Potions
 d - 12 potions of might
 i - 7 potions of berserk rage
 k - 20 potions of curing
 r - 10 potions of haste
 t - 5 potions of cancellation
 w - a potion of brilliance
 z - 6 potions of heal wounds
 A - 8 potions of resistance
 T - 8 potions of ambrosia


   Skills:
 O Level 27 Fighting
 - Level 24.0 Axes
 + Level 14.8 Throwing
 O Level 27 Armour
 O Level 27 Shields
 - Level 15.0 Invocations
 - Level 8.0 Evocations


You had 26 spell levels left.
You didn't know any spells.
Your spell library contained the following spells:

 Spells                   Type           Power      Damage    Failure   Level
 Beastly Appendage        Tmut           0%         N/A       52%         1
 Kiss of Death            Conj/Necr      0%         2d5       52%         1
 Magic Dart               Conj           0%         1d3       52%         1
 Necrotise                Necr           0%         1d4       52%         1
 Sandblast                Erth           0%         2d4       52%         1
 Shock                    Conj/Air       0%         1d3       52%         1
 Sting                    Tmut/Pois      0%         1d3       52%         1
 Cigotuvi's Dreadful Rot  Necr/Pois/Air  0%         N/A       67%         2
 Ensorcelled Hibernation  Hex/Ice        0%         N/A       67%         2
 Passwall                 Tmut/Erth      0%         N/A       67%         2
 Poisonous Vapours        Pois/Air       0%         N/A       67%         2
 Searing Ray              Conj           0%         2d4       67%         2
 Sublimation of Blood     Necr           0%         N/A       67%         2
 Wereblood                Tmut           0%         N/A       67%         2
 Confusing Touch          Hex            0%         N/A       88%         3
 Dazzling Flash           Conj/Hex       0%         N/A       88%         3
 Frozen Ramparts          Ice            0%         1d1       88%         3
 Gell's Gravitas          Tloc           0%         N/A       88%         3
 Hailstorm                Conj/Ice       0%         3d3       88%         3
 Kindle Blastsparks       Fire/Tloc/Air  0%         2d10      88%         3
 Mephitic Cloud           Conj/Pois/Air  0%         N/A       88%         3
 Ozocubu's Armour         Ice            0%         N/A       88%         3
 Portal Projectile        Hex/Tloc       0%         N/A       88%         3
 Spider Form              Tmut/Pois      0%         N/A       88%         3
 Stone Arrow              Conj/Erth      0%         3d7       88%         3
 Swiftness                Air            0%         N/A       88%         3
 Teleport Other           Tloc           0%         N/A       88%         3
 Vampiric Draining        Necr           0%         2d6       88%         3
 Airstrike                Air            0%         2d(0-16)  99%         4
 Dispel Undead            Necr           0%         3d6       99%         4
 Flame Wave               Conj/Fire      0%         2d4       99%         4
 Fulminant Prism          Conj/Hex       0%         3d5       99%         4
 Ice Form                 Ice/Tmut       0%         N/A       99%         4
 Iskenderun's Mystic Bla  Conj/Tloc      0%         2d3       99%         4
 Leda's Liquefaction      Hex/Erth       0%         N/A       99%         4
 Passage of Golubria      Tloc           0%         N/A       99%         4
 Petrify                  Tmut/Erth      0%         N/A       99%         4
 Agony                    Necr           0%         N/A       100%        5
 Alistair's Intoxication  Tmut/Pois      0%         N/A       100%        5
 Arcjolt                  Conj/Air       0%         1d10      100%        5
 Blade Hands              Tmut           0%         N/A       100%        5
 Freezing Cloud           Conj/Ice/Air   0%         6-21      100%        5
 Irradiate                Conj/Tmut      0%         3d11      100%        5
 Lee's Rapid Deconstruct  Erth           0%         3d4*      100%        5
 Metabolic Englaciation   Hex/Ice        0%         N/A       100%        5
 Silence                  Hex/Air        0%         N/A       100%        5
 Yara's Violent Unravell  Hex/Tmut       0%         3d3       100%        5
 Conjure Ball Lightning   Conj/Air       0%         3x3d6     100%        6
 Dispersal                Tloc           0%         N/A       100%        6
 Starburst                Conj/Fire      0%         6d3       100%        6
 Borgnjor's Revivificati  Necr           0%         N/A       100%        8
 Ignition                 Fire           0%         3d3       100%        8
 Lehudib's Crystal Spear  Conj/Erth      0%         10d2      100%        8
 Necromutation            Tmut/Necr      0%         N/A       100%        8
 Chain Lightning          Conj/Air       0%         N/A       100%        9
 Death's Door             Necr           0%         N/A       100%        9
 Fire Storm               Conj/Fire      0%         5d1       100%        9
 Polar Vortex             Ice            0%         N/A       100%        9
 Call Imp                 Summ           Unusable   N/A       N/A         2
 Call Canine Familiar     Summ           Unusable   N/A       N/A         3
 Tukima's Dance           Hex            Unusable   N/A       N/A         3
 Animate Armour           Summ/Erth      Unusable   N/A       N/A         4
 Simulacrum               Ice/Necr       Unusable   N/A       N/A         6

Dungeon Overview and Level Annotations

Branches:
Dungeon (15/15)            Temple (1/1) D:5            Lair (5/5) D:10
  Swamp (4/4) Lair:3       Spider (4/4) Lair:2        Slime (0/5) Lair:4
    Orc (2/2) D:9             Elf (3/3) Orc:2        Vaults (5/5) D:13
  Crypt (3/3) Vaults:3       Tomb (0/3) Crypt:3      Depths (4/4) D:15
    Zot (5/5) Depths:4      IceCv (visited)          WizLab (visited)
Gauntlet (visited)

Altars:
Ashenzari
Cheibriados
Dithmenos
Elyvilon
Fedhas
Gozag
Hepliaklqana
Kikubaaqudgha
Makhleb
Nemelex Xobeh
Okawaru
Qazlal
Ru
Sif Muna
Trog
Uskayaw
Vehumet
Wu Jian
Xom
Yredelemnul
Zin
The Shining One
Jiyva

Shops:
D:2 **   D:9 *?   D:13 [   D:14 (   Orc:1 *   Orc:2 =*([   Elf:2 =   Vaults:3 *
Vaults:4 [   Vaults:5 [   Depths:1 *

Portals:
Hell: Depths:1 Depths:2 Depths:3 Depths:4
Abyss: Swamp:3 Depths:2 Depths:3
Pandemonium: Depths:2 Depths:4
Ziggurat: Depths:1
Trove: Depths:1 (give 2 scrolls of acquirement)

Annotations:
Zot:4 2 transporters, Xapeig's ghost, legendary GrAr


Innate Abilities, Weirdness & Mutations

You are a bat.
You are tiny and dextrous.
You move quickly.
You are flying.
Your equipment is almost entirely melded.
You are incapable of wielding weapons or throwing items.
You cannot cast spells.
((You have a pair of horns on your head.))
((You reflexively headbutt those who attack you in melee.))
You have a somewhat thin skeletal structure. (Dex +2, Stealth+)
You are dopey. (Int -2)
You passively map a small area around you.


Message History

The storm dragon breathes lightning at you.
The bolt of lightning misses you. The bolt of lightning hits you!!!
The orb of fire glows bright magenta.
Strange energies course through your body.
You feel a strange attunement to the structure of the dungeons.
The electric golem hurls lightning at you.
The bolt of lightning misses you.
An orb of fire comes into view.
The orb of fire glows deep purple.
Strange energies course through your body.
Your bones become slightly less dense.
The storm dragon breathes lightning at you.
The bolt of lightning hits you!!!
The orb of fire glows yellow.
The bolt of fire misses you.
An orb of fire comes into view.
The storm dragon breathes lightning at you.
The bolt of lightning misses you.
A dread lich comes into view.
The orb of fire emits a lurid red light.
The bolt of fire hits you!!
The orb of fire glows bright magenta.
The fireball explodes!
The fireball engulfs you!!!!
* * * LOW HITPOINT WARNING * * *
A dread lich comes into view.
You hear a loud "Zot"!
The electric golem hurls lightning at you.
The bolt of lightning misses you.
The orb of fire emits a lurid red light.
The fireball explodes!
The fireball engulfs you!!!
* * * LOW HITPOINT WARNING * * *
The dread lich casts a spell.
The dread lich seems to speed up.
The storm dragon breathes lightning at you.
The bolt of lightning hits the electric golem.
The electric golem completely resists.
The bolt of lightning hits you!!
* * * LOW HITPOINT WARNING * * *
The orb of fire emits a lurid red light.
The fireball explodes!
The fireball engulfs you!!!
You die...

########...###.^................#
(.........###..........L...L....^
.........## #......^.............
.........# #....................
........## #....................
........# #........*.....).....
........## #........*...........
..†......# ##......*...........#
.........#* ##.b.9...D........##
.)........* ##..^...........##
##.########▓▓▓▓################▓▓
...# ###....⌠##.....#...........
...####..............#<......####
.....................##.#..#.#
..........##..^.##'#.........#
#.........##....#...###...#..#
..........####.......##......#


You could see 3 orbs of fire, an electric golem, a dread lich (fast) and a storm
dragon (catching breath).

Vanquished Creatures
  A dread lich (Zot:5)
  2 ancient liches (Vaults:5)
  Mara (Swamp:3)
  A juggernaut (Depths:1)
  3 orbs of fire
  Sojobo (Vaults:4)
  Vv (Depths:2)
  The ghost of Osilorir the Intangible, a veteran MfMo of Cheibriados (Depths:3)
  A Killer Klown (Zot:5)
  3 shard shrikes
  8 caustic shrikes
  Saint Roka (Crypt:1)
  A curse toe (Zot:3)
  Bai Suzhen (Vaults:4)
  8 golden dragons
  Nikola (Vaults:2)
  Jory (Depths:4)
  5 electric golems
  4 bone dragons
  Arachne (Spider:3)
  3 doom hounds (Depths:4)
  3 iron giants (Depths:1)
  4 hellephants (Depths:1)
  Zenata (Elf:2)
  15 tentacled monstrosities
  An Ice Fiend (IceCv)
  9 Orb Guardians (Zot:5)
  7 liches
  The ghost of epsilonplus the Severer, an adept MiFi of Cheibriados (Swamp:3)
  Grunn (Depths:4)
  Rupert (D:15)
  8 titans
  3 deep elf blademasters (Elf:3)
  8 quicksilver dragons
  A deep elf master archer (Elf:3)
  An ancient champion (Crypt:1)
  4 death cobs
  Gastronok (D:8)
  9 tengu reavers
  4 sphinxes
  12 shadow dragons
  Donald (Vaults:4)
  18 storm dragons
  4 revenants
  Agnes (Spider:1)
  11 fire giants
  Kirke (D:14)
  5 iron dragons
  3 draconian monks
  The ghost of SirDiesAlot the Zephyrmancer, an adept DsAE of Gozag (Spider:2)
  9 deep elf sorcerers
  13 frost giants
  4 draconian knights
  8 draconian scorchers
  24 vault wardens
  10 ghost moths
  3 orc warlords
  4 draconian shifters
  8 emperor scorpions
  Aizul (Vaults:3)
  2 curse skulls (Crypt:2)
  5 deep elf elementalists
  The ghost of Bukydon the Severer, a journeyman MiFi of Gozag (D:14)
  A juggernaut zombie (Crypt:2)
  4 reapers
  9 draconian annihilators
  2 broodmothers (Spider:2)
  18 ironbound preservers
  A quicksilver ooze (Gauntlet)
  18 very ugly things
  4 war gargoyles
  13 vampire knights
  11 stone giants
  4 eleionomae
  10 ironbound thunderhulks
  7 deep elf annihilators (Elf:3)
  8 deep elf demonologists
  8 green draconians
  2 bunyips (Swamp:1)
  A putrid mouth (Depths:4)
  10 white draconians
  10 spark wasps
  9 red draconians
  8 purple draconians
  5 yellow draconians
  7 black draconians
  A minotaur (Gauntlet)
  7 dire elephants
  10 eidola
  7 ettins
  A crystal guardian (Vaults:4)
  A statue (WizLab)
  6 deep elf death magi
  3 jiangshi (Depths:3)
  2 entropy weavers
  A shambling mangrove (Swamp:2)
  8 fire dragons
  7 great orbs of eyes
  26 yaktaur captains
  9 deep elf high priests
  15 ice dragons
  A hydra (shapeshifter) (Depths:2)
  9 ironbound frosthearts
  9 ghost crabs
  2 hell beasts (Depths:4)
  43 vault guards
  2 rakshasas
  A spriggan zombie (Crypt:1)
  2 peacekeepers
  A catoblepas (Lair:5)
  10 hydras
  A jorogumo (Spider:3)
  15 centaur warriors
  2 radroaches (Spider:3)
  2 tengu warriors
  5 ogre magi
  36 dancing weapons
  A boulder beetle (shapeshifter) (Vaults:4)
  9 alligators
  5 vampire magi
  9 boulder beetles
  9 death yaks (Lair:5)
  8 two-headed ogres
  3 hell hogs
  13 deep troll shamans
  Urug (Orc:2)
  8 deep troll earth magi
  An orc high priest (Orc:2)
  2 spriggan berserkers
  Sonja (Orc:2)
  19 deep elf knights
  A soul eater (Crypt:2)
  The ghost of Fonoxyzxy the Cleaver, a novice MiFi of Okawaru (D:7)
  Nergalle (D:11)
  10 hell knights
  9 iron trolls
  A salamander mystic (Depths:3)
  5 pharaoh ants
  4 shadow wraiths
  A sun moth (Spider:3)
  Amaemon (Lair:3)
  A death drake (shapeshifter) (Vaults:5)
  A sixfirhy (Depths:2)
  4 goliath frogs
  2 skysharks (Lair:5)
  3 skeletal warriors
  4 flayed ghosts
  A shadow demon (Depths:2)
  3 swamp dragons
  63 deep trolls
  An anaconda zombie (Crypt:2)
  3 glowing orange brains
  A ghost moth zombie (Crypt:2)
  3 spriggan druids
  An obsidian statue (IceCv)
  5 bog bodies
  6 orc knights
  6 spriggan simulacra (IceCv)
  6 orb spiders
  11 wizards
  21 phantasmal warriors
  4 spectral hydras (Swamp:4)
  10 steelbarb worms
  20 deep elf archers
  33 deep elf pyromancers
  32 deep elf zephyrmancers
  3 necromancers
  9 harpies
  17 ironbound convokers
  25 wolf spiders
  15 lindwurms
  3 manticores
  4 orc sorcerers
  13 cyclopes
  36 ugly things
  An iron dragon skeleton (Crypt:1)
  26 moths of wrath
  6 elephants (Lair:3)
  2 worldbinders (Swamp:3)
  3 salamanders (Depths:3)
  A cyclops (shapeshifter) (Depths:1)
  A black mamba (shapeshifter) (Vaults:5)
  7 demonic crawlers
  2 ice statues (D:15)
  4 black mambas
  3 torpor snails
  A rust devil (Depths:2)
  19 vault sentinels
  Maggie (D:8)
  2 smoke demons
  An alligator snapping turtle zombie (Crypt:2)
  An unseen horror (D:10)
  An orange demon (Lair:3)
  9 cane toads
  A centaur skeleton (Crypt:2)
  9 komodo dragons
  A white draconian zombie (Crypt:1)
  4 freezing wraiths
  A hellion (Swamp:3)
  5 rime drakes
  8 tengu conjurers
  An unseen horror skeleton (Crypt:2)
  55 yaktaurs
  3 hydra zombies (Swamp:4)
  A harpy zombie (Crypt:2)
  A tormentor (Depths:4)
  8 ice devils (IceCv)
  4 swamp worm zombies (Swamp:4)
  A merfolk (shapeshifter) (Vaults:2)
  A wind drake (shapeshifter) (D:14)
  A pale draconian skeleton (Crypt:2)
  A hellwing (Depths:2)
  8 trolls
  3 anaconda simulacra
  7 meliai (Spider:4)
  A golden dragon simulacrum (IceCv)
  5 polar bears
  9 tyrant leeches
  A red devil (Depths:2)
  A raiju (Swamp:3)
  24 tarantellas
  5 alligator zombies
  15 blink frogs
  A meliai zombie (Crypt:2)
  A death drake skeleton (Crypt:2)
  An ice dragon zombie (Crypt:2)
  21 hornets
  A great orb of eyes zombie (Crypt:2)
  39 slime creatures
  A spectral swamp dragon (Swamp:4)
  A snapping turtle (shapeshifter) (D:14)
  31 jumping spiders
  3 air elementals
  21 culicivoras
  4 wyverns
  10 wraiths
  2 shadows
  26 spriggans
  30 yaks
  7 basilisks
  A human (D:14)
  2 hogs (D:14)
  A water elemental (Depths:4)
  2 fire elementals
  28 redbacks
  A steam dragon (D:4)
  A redback (shapeshifter) (Elf:3)
  A warg (shapeshifter) (Swamp:3)
  32 vampire mosquitoes
  5 wargs
  9 minotaur simulacra (IceCv)
  2 acid dragons
  3 harpy simulacra (IceCv)
  4 hydra simulacra
  A swamp worm (shapeshifter) (Vaults:5)
  12 water moccasins
  13 swamp worms
  A large abomination (Swamp:3)
  A naga skeleton (Crypt:1)
  A sky beast (D:8)
  15 ogres
  5 swamp dragon zombies
  A swamp drake (Swamp:2)
  5 black bears
  An alligator simulacrum (IceCv)
  An ettin simulacrum (IceCv)
  45 orc warriors
  9 boggarts
  32 wolves
  7 centaurs
  A swamp dragon skeleton (Crypt:1)
  3 kobold brigands
  2 phantoms (Swamp:4)
  11 bullfrogs
  2 gnoll sergeants
  7 scorpions
  15 deep troll simulacra (IceCv)
  2 earth elementals (Elf:1)
  A cyclops zombie (Crypt:2)
  16 wights
  A shapeshifter zombie (Crypt:1)
  A raiju zombie (Crypt:1)
  9 killer bees
  3 lindwurm simulacra (IceCv)
  A troll skeleton (Crypt:1)
  A yak skeleton (Crypt:1)
  9 howler monkeys
  6 electric eels
  3 crimson imps (Gauntlet)
  8 hounds
  2 jellies
  21 orc priests
  A basilisk skeleton (Crypt:1)
  A sleepcap (D:6)
  4 gnoll boudas (D:13)
  6 iguanas
  30 orc wizards
  A spectral swamp drake (Swamp:4)
  22 gnolls
  2 swamp drake zombies (Swamp:4)
  7 adders
  A shadow imp (D:7)
  A white imp (D:7)
  3 ufetubi
  5 worms (Lair:2)
  4 dart slugs
  111 orcs
  4 bats
  11 endoplasms
  A giant cockroach (D:1)
  7 hobgoblins
  5 jackals
  5 quokkas
  8 ball pythons
  3 frilled lizards
  8 goblins
  18 kobolds
  A kobold zombie (Crypt:1)
  A quokka zombie (Crypt:1)
  5 rats
  2 fire vortices
  A fungus (D:13)
  A plant (D:13)
2311 creatures vanquished.

Vanquished Creatures (others)
  A storm dragon (Zot:3)
  A white draconian (Depths:4)
  A deep elf knight (Elf:1)
  A goliath frog (Swamp:3)
  A deep elf archer (Elf:1)
  A deep elf zephyrmancer (Elf:3)
  2 deep elf pyromancers (Elf:1)
  A wolf spider (Spider:3)
  A tengu conjurer (D:13)
  4 bloated husks
  A tyrant leech (Swamp:2)
  A hornet (Swamp:2)
  An orc warrior (Vaults:5)
  A boggart (Lair:5)
  4 phantoms (Swamp:4)
  A scorpion (D:4)
  A boggart simulacrum (D:14)
  An adder (D:4)
  A dart slug (D:4)
  A hobgoblin (D:4)
  24 fungi
  57 plants
108 creatures vanquished.

Grand Total: 2419 creatures vanquished

Notes
Turn   | Place    | Note
-------+----------+-------------------------------------------
     0 | D:1      | bmack86 the Minotaur Fighter began the quest for the Orb.
     0 | D:1      | Reached XP level 1. HP: 19/19 MP: 0/0
    68 | D:1      | Reached XP level 2. HP: 27/27 MP: 1/1
   592 | D:1      | Reached XP level 3. HP: 33/33 MP: 2/2
  1190 | D:2      | Found a burning altar of Makhleb.
  1211 | D:2      | Found Ydaaz's General Store.
  1266 | D:2      | Reached XP level 4. HP: 40/40 MP: 3/3
  1452 | D:2      | Found Woofeo's Assorted Antiques.
  1981 | D:3      | Reached skill level 1 in Throwing
  1981 | D:3      | Reached XP level 5. HP: 46/47 MP: 4/4
  2260 | D:3      | Found a sparkling altar of Nemelex Xobeh.
  2680 | D:4      | Found a glowing golden altar of the Shining One.
  3023 | D:4      | Found a shimmering altar of Xom.
  3254 | D:4      | Found a shadowy altar of Dithmenos.
  3256 | D:4      | Noticed a steam dragon
  3262 | D:4      | Killed a steam dragon
  3263 | D:4      | Reached skill level 5 in Fighting
  3263 | D:4      | Reached skill level 5 in Axes
  3263 | D:4      | Reached XP level 6. HP: 39/56 MP: 5/5
  3271 | D:4      | Reached skill level 5 in Armour
  3271 | D:4      | Reached skill level 5 in Shields
  3832 | D:5      | Entered Level 5 of the Dungeon
  3898 | D:5      | Reached XP level 7. HP: 50/61 MP: 6/6
  3948 | D:5      | Found a staircase to the Ecumenical Temple.
  3958 | Temple   | Entered the Ecumenical Temple
  4444 | D:5      | Identified the +0 robe of Saohergh {Harm rElec rN++ Stlth-}
  4611 | D:6      | Found an iron altar of Okawaru.
  4620 | D:6      | Became a worshipper of Warmaster Okawaru
  4667 | D:6      | Reached XP level 8. HP: 48/70 MP: 4/7
  4768 | D:6      | Reached skill level 1 in Invocations
  4938 | D:2      | Bought a gilded ring for 135 gold pieces
  4999 | D:2      | Bought a scroll of identify for 22 gold pieces
  5163 | D:6      | Reached * piety under Okawaru
  5890 | D:7      | Found a runed translucent door.
  5890 | D:7      | Noticed Fonoxyzxy's ghost (novice MiFi)
  5910 | D:7      | Killed Fonoxyzxy's ghost
  5910 | D:7      | Reached ** piety under Okawaru
  5911 | D:7      | Reached XP level 9. HP: 35/78 MP: 4/10
  6284 | D:7      | Found a sacrificial altar of Ru.
  6535 | D:8      | Reached *** piety under Okawaru
  6634 | D:8      | Noticed Maggie
  6646 | D:8      | Killed Maggie
  6647 | D:8      | Reached skill level 5 in Throwing
  6661 | D:8      | Paralysed by a hornet for 2 turns
  6668 | D:8      | Reached XP level 10. HP: 47/88 MP: 6/12
  6733 | D:8      | Reached skill level 10 in Axes
  6743 | D:8      | Reached **** piety under Okawaru
  7292 | D:8      | Noticed Gastronok
  7312 | D:8      | Killed Gastronok
  7720 | D:9      | Received a gift from Okawaru
  7722 | D:9      | Reached skill level 5 in Invocations
  7856 | D:9      | Noticed a lindwurm
  7858 | D:9      | Noticed a lindwurm
  7861 | D:9      | Noticed a lindwurm
  7915 | D:9      | Noticed a lindwurm
  7927 | D:9      | Reached ***** piety under Okawaru
  7951 | D:9      | Found a staircase to the Orcish Mines.
  8153 | D:9      | Found an opulent altar of Gozag.
  8157 | D:9      | Found Gozag's Platinum Reserve.
  8337 | D:9      | Found Sawny's Magic Scroll Shoppe.
  8345 | D:9      | Bought a scroll of identify for 22 gold pieces
  8345 | D:9      | Bought a scroll of identify for 22 gold pieces
  8377 | D:9      | Reached XP level 11. HP: 95/95 MP: 13/13
  8405 | D:9      | Identified the +1 war axe of Misery {heavy, rN+ Dex+3}
                  | (Okawaru gifted it to you on level 9 of the Dungeon)
  8405 | D:9      | Received a gift from Okawaru
  8805 | D:10     | Entered Level 10 of the Dungeon
  8841 | D:10     | Noticed a centaur warrior
  8853 | D:10     | Killed a centaur warrior
  8895 | D:10     | You fall into a shaft and drop 3 floors!
  8921 | D:13     | Noticed a deep elf pyromancer
  8930 | D:13     | Killed a deep elf pyromancer
  8933 | D:13     | HP: 1/97 [vampire mosquito (7)]
  8938 | D:13     | HP: 4/97 [vampire mosquito (3)]
  8941 | D:13     | Received a gift from Okawaru
  9443 | D:12     | Found a gate leading to a gauntlet.
  9456 | Gauntlet | Entered a Gauntlet
  9456 | Gauntlet | Noticed a fire crab
  9456 | Gauntlet | Found a large runed translucent door.
  9456 | Gauntlet | Found a large runed translucent door.
  9456 | Gauntlet | Found a large runed translucent door.
  9456 | Gauntlet | Found a large runed translucent door.
  9456 | Gauntlet | Found a runed translucent door.
  9456 | Gauntlet | Found a large runed translucent door.
  9456 | Gauntlet | Found a large runed translucent door.
  9456 | Gauntlet | Found a transporter.
  9456 | Gauntlet | Found a transporter.
  9456 | Gauntlet | Found a large runed translucent door.
  9456 | Gauntlet | Found a large runed translucent door.
  9456 | Gauntlet | Found a runed translucent gate.
  9456 | Gauntlet | Found a runed translucent gate.
  9456 | Gauntlet | Found a transporter.
  9460 | Gauntlet | Found a transporter.
  9460 | Gauntlet | Found a transporter.
  9461 | Gauntlet | Found a transporter.
  9463 | Gauntlet | Noticed a quicksilver ooze
  9481 | Gauntlet | Found a transporter.
  9483 | Gauntlet | Found a transporter.
  9485 | Gauntlet | Noticed a wizard
  9486 | Gauntlet | Found a transporter.
  9486 | Gauntlet | Found a transporter.
  9488 | Gauntlet | Noticed a ghost crab
  9496 | Gauntlet | Noticed a wizard
  9499 | Gauntlet | Found a transporter.
  9545 | Gauntlet | Found a runed translucent gate.
  9546 | Gauntlet | Found a large runed translucent door.
  9546 | Gauntlet | Found a large runed translucent door.
  9547 | Gauntlet | Found a large runed translucent door.
  9548 | Gauntlet | Found a large runed translucent door.
  9549 | Gauntlet | Found a large runed translucent door.
  9549 | Gauntlet | Found a large runed translucent door.
  9549 | Gauntlet | Found a runed translucent door.
  9550 | Gauntlet | Found a large runed translucent door.
  9551 | Gauntlet | Found a large runed translucent door.
  9621 | Gauntlet | Found a transporter.
  9898 | Gauntlet | Killed a quicksilver ooze
 10048 | Gauntlet | Killed a ghost crab
 10048 | Gauntlet | Identified the scarf "Deng" {Str+4} (Okawaru gifted it to
                  | you in a Gauntlet)
 10048 | Gauntlet | Received a gift from Okawaru
 10233 | Gauntlet | Noticed a minotaur
 10248 | Gauntlet | Killed a minotaur
 10904 | D:12     | Reached skill level 10 in Fighting
 11367 | D:11     | Reached XP level 12. HP: 106/106 MP: 15/15
 11452 | D:11     | Noticed Nergalle
 11469 | D:11     | Killed Nergalle
 11773 | D:11     | Noticed a two-headed ogre
 11781 | D:11     | Killed a two-headed ogre
 11782 | D:11     | Reached skill level 10 in Armour
 11782 | D:11     | Reached skill level 10 in Shields
 12489 | D:10     | Found a staircase to the Lair.
 12873 | D:10     | Found a radiant altar of Vehumet.
 13597 | D:2      | Bought 3 scrolls of identify for 66 gold pieces
 13597 | D:2      | Bought a scroll of enchant armour for 82 gold pieces
 13597 | D:2      | Bought a scroll of enchant weapon for 82 gold pieces
 13606 | D:2      | Identified a scroll of acquirement
 13606 | D:2      | Acquired the amulet "Tofupuhe" {Reflect rC++ Slay+4 SH+5}
 13815 | Lair:1   | Entered Level 1 of the Lair of Beasts
 14347 | Lair:1   | Received a gift from Okawaru
 14440 | Lair:1   | Found a bloodstained altar of Trog.
 14912 | Lair:2   | Found a hole to the Spider Nest.
 14985 | Lair:2   | Noticed a five-headed hydra
 14998 | Lair:2   | Killed an 11-headed hydra
 15169 | Lair:2   | Noticed a boulder beetle
 15180 | Lair:2   | Killed a boulder beetle
 15457 | Lair:2   | Reached XP level 13. HP: 112/116 MP: 17/17
 16094 | Lair:3   | You are sucked into a shaft and drop 1 floor!
 16338 | Lair:4   | Found a viscous altar of Jiyva.
 16339 | Lair:4   | Found a staircase to the Slime Pits.
 16356 | Lair:4   | Reached skill level 15 in Axes
 17029 | Lair:5   | Entered Level 5 of the Lair of Beasts
 17057 | Lair:5   | Received a gift from Okawaru
 17223 | Lair:5   | Reached ****** piety under Okawaru
 17228 | Lair:5   | Identified the +9 war axe "Gummaipp" {speed, rN++} (Okawaru
                  | gifted it to you on level 5 of the Lair of Beasts)
 17228 | Lair:5   | Received a gift from Okawaru
 17492 | Lair:5   | Received a gift from Okawaru
 17695 | Lair:5   | Received a gift from Okawaru
 17711 | Lair:5   | Reached XP level 14. HP: 22/126 MP: 19/19
 17870 | Lair:5   | Identified the +3 hand axe of an ossuary {freeze, Int+8}
                  | (Okawaru gifted it to you on level 5 of the Lair of Beasts)
 17870 | Lair:5   | Received a gift from Okawaru
 18808 | Lair:3   | Noticed Amaemon
 18823 | Lair:3   | Killed Amaemon
 19232 | Lair:3   | Received a gift from Okawaru
 19553 | Lair:3   | Found a staircase to the Swamp.
 19995 | D:13     | Received a gift from Okawaru
 19996 | D:13     | Reached skill level 10 in Throwing
 20516 | D:13     | Found Ocutemor's Armour Boutique.
 20540 | D:13     | Received a gift from Okawaru
 20720 | D:13     | Received a gift from Okawaru
 20962 | D:13     | Found a gate to the Vaults.
 21922 | D:14     | Acquired the +2 pair of slick slippers {slick, slippery,
                  | EV+5}
 21922 | D:14     | Found the +2 pair of slick slippers {slick, slippery, EV+5}
 21930 | D:14     | Found an ancient bone altar of Kikubaaqudgha.
 22000 | D:14     | Noticed Kirke
 22014 | D:14     | Killed Kirke
 22477 | D:14     | Found a radiant altar of Vehumet.
 22487 | D:14     | Found Jicvat's Weapon Boutique.
 22643 | D:14     | Reached skill level 10 in Invocations
 22643 | D:14     | Reached XP level 15. HP: 111/135 MP: 21/21
 22724 | D:14     | Found a runed translucent gate.
 22724 | D:14     | Found a runed translucent gate.
 22724 | D:14     | Found a runed translucent gate.
 22725 | D:14     | Noticed Bukydon's ghost (journeyman MiFi)
 23117 | D:14     | Found a blossoming altar of Fedhas.
 23559 | D:14     | Killed Bukydon's ghost
 23565 | D:14     | Identified the ring of the Will of the Gods {Ice rPois
                  | Dex+4}
 23647 | D:15     | Entered Level 15 of the Dungeon
 23671 | D:15     | Received a gift from Okawaru
 23711 | D:15     | Noticed Rupert
 23731 | D:15     | Killed Rupert
 23731 | D:15     | Received a gift from Okawaru
 23800 | D:15     | Found a frozen archway.
 23837 | D:15     | Received a gift from Okawaru
 23837 | D:15     | Found the +3 pair of gauntlets of War {Slay+5}
 23854 | IceCv    | Entered an ice cave
 24137 | IceCv    | Identified the +10 rapier of the Absolute Madman {flame,
                  | rC+ Str+4}
 24137 | IceCv    | Noticed an Ice Fiend
 24156 | IceCv    | Killed an Ice Fiend
 25040 | D:15     | Found a shimmering blue altar of Sif Muna.
 25268 | D:15     | Found a staircase to the Depths.
 25488 | D:15     | Identified the +9 ice dragon scales of the Blue God {rElec
                  | rF- rC++ rN+ Int-4 Dex+3} (Okawaru gifted it to you on
                  | level 15 of the Dungeon)
 25488 | D:15     | Received a gift from Okawaru
 25539 | D:15     | Reached XP level 16. HP: 147/147 MP: 23/23
 26017 | Orc:1    | Entered Level 1 of the Orcish Mines
 26139 | Orc:1    | Found Vaasmoj's Gadget Gallery.
 26305 | Orc:2    | Entered Level 2 of the Orcish Mines
 26485 | Orc:2    | Noticed Sonja
 26489 | Orc:2    | Killed Sonja
 26574 | Orc:2    | Found a staircase to the Elven Halls.
 26739 | Orc:2    | Noticed Urug
 26760 | Orc:2    | Killed Urug
 26772 | Orc:2    | Reached skill level 15 in Fighting
 26820 | Orc:2    | Reached skill level 15 in Armour
 26998 | Orc:2    | Found Noqaezev's Antique Armour Emporium.
 27161 | Orc:2    | Found Note's General Store.
 27167 | Orc:2    | Bought a potion of curing for 51 gold pieces
 27176 | Orc:2    | Found Byaven's Jewellery Emporium.
 27263 | Orc:2    | Found Kaenyiz's Antique Weapon Emporium.
 27401 | Orc:2    | Reached skill level 15 in Shields
 27562 | Swamp:1  | Entered Level 1 of the Swamp
 27661 | Swamp:1  | Received a gift from Okawaru
 28109 | Swamp:2  | Noticed a tentacled monstrosity
 28127 | Swamp:2  | Killed a tentacled monstrosity
 28980 | Swamp:3  | Noticed Mara
 28986 | Swamp:3  | Noticed bmack86's illusion
 28993 | Swamp:3  | Killed Mara
 28993 | Swamp:3  | Received a gift from Okawaru
 29163 | Swamp:3  | Found a transporter.
 29171 | Swamp:3  | Found the +8 demon trident "Rift" {distort, reach+}
 29178 | Swamp:3  | Found a transporter.
 29269 | Swamp:3  | Noticed epsilonplus's ghost (adept MiFi)
 29272 | Swamp:3  | Identified the ring of Benevolence {Wiz Stlth+}
 29599 | Swamp:4  | Entered Level 4 of the Swamp
 29641 | Swamp:4  | Reached XP level 17. HP: 153/158 MP: 25/25
 29862 | Swamp:4  | Noticed a tentacled monstrosity
 29873 | Swamp:4  | Killed a tentacled monstrosity
 30649 | Swamp:4  | Noticed a bone dragon
 30671 | Swamp:4  | Killed a bone dragon
 30685 | Swamp:4  | Got a decaying rune of Zot
 30964 | Spider:1 | Entered Level 1 of the Spider Nest
 31015 | Spider:1 | Identified the -2 hat "Fonaiq" {+Inv Will+} (Okawaru gifted
                  | it to you on level 1 of the Spider Nest)
 31015 | Spider:1 | Received a gift from Okawaru
 31250 | Spider:1 | Noticed Agnes
 31256 | Spider:1 | Killed Agnes
 31308 | Spider:1 | Identified the amulet of Optimism {Rampage rN+ Regen+ Dex+7
                  | Stlth-}
 32326 | Spider:2 | Found a runed translucent gate.
 32326 | Spider:2 | Found a runed translucent gate.
 32327 | Spider:2 | Found a runed translucent gate.
 32329 | Spider:2 | Noticed SirDiesAlot's ghost (adept DsAE)
 32806 | Spider:2 | Killed SirDiesAlot's ghost
 32830 | Spider:2 | Identified the +0 pair of boots "Meulolet" {Rampage Regen+
                  | Str-5}
 32833 | Spider:2 | Identified the +2 hat of Tiulaaka {Harm rF+ Str+3}
 32906 | Spider:3 | Received a gift from Okawaru
 33478 | Spider:3 | Reached XP level 18. HP: 168/170 MP: 27/27
 33639 | Spider:3 | Noticed Arachne
 33649 | Spider:3 | Killed Arachne
 33649 | Spider:3 | Received a gift from Okawaru
 33982 | Spider:4 | Entered Level 4 of the Spider Nest
 34388 | Spider:4 | Lost intelligence.
 34568 | Spider:4 | Got a gossamer rune of Zot
 34945 | Spider:4 | Lost intelligence.
 35190 | Elf:1    | Entered Level 1 of the Elven Halls
 35190 | Elf:1    | Found a runed translucent gate.
 35190 | Elf:1    | Found a runed translucent gate.
 35190 | Elf:1    | Found a runed translucent gate.
 35190 | Elf:1    | Found a runed translucent gate.
 35190 | Elf:1    | Found a runed translucent gate.
 35190 | Elf:1    | Found a runed translucent gate.
 35192 | Elf:1    | Found a runed translucent door.
 35217 | Elf:1    | Found a runed translucent door.
 35454 | Elf:1    | Received a gift from Okawaru
 35466 | Elf:1    | Paralysed by an air elemental for 1 turns
 35740 | Elf:1    | Reached skill level 15 in Invocations
 35752 | Elf:1    | Paralysed by an air elemental for 1 turns
 36295 | Elf:1    | Identified the +9 plate armour of the Lost Invaders {Fly
                  | rC- Regen+ Str+6} (Okawaru gifted it to you on level 1 of
                  | the Elven Halls)
 36295 | Elf:1    | Received a gift from Okawaru
 36503 | Elf:1    | Found a runed translucent door.
 37040 | Elf:2    | Reached XP level 19. HP: 49/181 MP: 29/29
 37109 | Elf:2    | Found Ovesmor's Jewellery Shoppe.
 37140 | Elf:2    | Bought the ring of Ashumu {rElec Will+ Int+6 SInv} for 837
                  | gold pieces
 37175 | Elf:2    | Noticed Zenata
 37192 | Elf:2    | Killed Zenata
 37637 | Elf:2    | Found a runed translucent gate.
 37637 | Elf:2    | Found a runed translucent gate.
 37637 | Elf:2    | Found a runed translucent gate.
 37674 | Elf:2    | Reached skill level 1 in Evocations
 38044 | Elf:3    | Entered Level 3 of the Elven Halls
 38069 | Abyss:3  | Cast into level 3 of the Abyss (a deep elf sorcerer)
 38076 | Elf:3    | Escaped the Abyss
 38084 | Elf:3    | Received a gift from Okawaru
 38098 | Elf:3    | Noticed a Tzitzimitl
 38460 | Elf:3    | Got the Discursus on Portals and the Iceberg
 38471 | Elf:3    | Identified the ring "Xisoew" {*Slow rElec AC+4 Str+4 Int+4}
 38715 | Elf:3    | Identified the +7 flail of the Skies Above {drain, rElec
                  | rF- Will+}
 38715 | Elf:3    | Identified the +0 leather armour of Vig Qeteso {rF+ rN+}
 38728 | Elf:3    | Noticed a Brimstone Fiend
 38973 | Elf:3    | Paralysed by an air elemental for 1 turns
 38996 | Elf:3    | Identified the +9 glaive "Abogoj" {drain, rC- Int+3 Dex+3}
 39040 | Elf:3    | Identified the +0 leather armour of the Comet {Int+2}
 39358 | Elf:3    | Received a gift from Okawaru
 39358 | Elf:3    | Found the +15 Maxwell's patent armour {-Cast -Tele rElec
                  | Will+ rCorr}
 39460 | Elf:3    | Reached skill level 5 in Evocations
 39563 | Elf:3    | Got the Anthology of the Hart
 39957 | D:9      | Reached XP level 20. HP: 193/193 MP: 30/30
 40004 | D:9      | Bought a scroll of teleportation for 33 gold pieces
 40004 | D:9      | Bought a scroll of blinking for 82 gold pieces
 40004 | D:9      | Bought a scroll of blinking for 82 gold pieces
 40004 | D:9      | Bought a scroll of teleportation for 33 gold pieces
 40103 | Vaults:1 | Entered Level 1 of the Vaults
 40222 | Vaults:1 | Reached XP level 21. HP: 202/202 MP: 31/31
 40823 | Vaults:1 | Received a gift from Okawaru
 41104 | Vaults:2 | Noticed Nikola
 41115 | Vaults:2 | Killed Nikola
 41271 | Vaults:2 | Received a gift from Okawaru
 41680 | Vaults:2 | Received a gift from Okawaru
 42599 | Vaults:3 | Received a gift from Okawaru
 42655 | Vaults:3 | Reached XP level 22. HP: 213/213 MP: 32/32
 42806 | Vaults:3 | Received a gift from Okawaru
 42842 | Vaults:3 | Found Fom Fumu's Assorted Antiques.
 42850 | Vaults:3 | Bought a bloodstained plate armour for 896 gold pieces
 42850 | Vaults:3 | Identified the +8 plate armour of Freedom {Dex+3} (You
                  | bought it in a shop on level 3 of the Vaults)
 42975 | Vaults:3 | Noticed Aizul
 42989 | Vaults:3 | Killed Aizul
 43194 | Vaults:3 | Found a staircase to the Crypt.
 43448 | Crypt:1  | Entered Level 1 of the Crypt
 43465 | Crypt:1  | Noticed Saint Roka
 43481 | Crypt:1  | Killed Saint Roka
 43694 | Crypt:1  | Identified the +5 chain mail of Bowin {-Tele +Inv Stlth+}
 44469 | Crypt:2  | Identified the +0 ring mail "Vuiss" {Int+4}
 44492 | Crypt:2  | Identified the +6 lajatang of the Ass {spect, rCorr Dex+2}
 44598 | Crypt:2  | Received a gift from Okawaru
 44888 | Crypt:2  | Identified the +0 robe of Context {Dex+3} (Okawaru gifted
                  | it to you on level 2 of the Crypt)
 44888 | Crypt:2  | Received a gift from Okawaru
 45042 | Crypt:2  | Found an ancient bone altar of Kikubaaqudgha.
 45183 | Crypt:3  | Entered Level 3 of the Crypt
 45558 | Depths:1 | Entered Level 1 of the Depths
 45567 | Depths:1 | Paralysed by a vampire knight for 2 turns
 45570 | Depths:1 | Found a one-way gateway to a ziggurat.
 45685 | Depths:1 | Found Riowo's Assorted Antiques.
 45699 | Depths:1 | Bought a potion of haste for 380 gold pieces
 45713 | Depths:1 | Found a runed translucent door.
 45734 | Depths:1 | Noticed a juggernaut
 45736 | Depths:1 | Noticed a golden dragon
 45746 | Depths:1 | Killed a juggernaut
 45749 | Depths:1 | Killed a golden dragon
 45790 | Depths:1 | Found a portal to a secret trove of treasure.
 46073 | Depths:1 | Found a gateway to Hell.
 46218 | Depths:1 | Reached XP level 23. HP: 185/225 MP: 33/33
 46333 | Depths:1 | Received a gift from Okawaru
 46343 | Depths:1 | Identified the ring "Ununim" {Fire Int+3 Dex+4}
 46485 | Depths:1 | Found a runed translucent door.
 46485 | Depths:1 | Noticed a shard shrike
 46485 | Depths:1 | Noticed a shard shrike
 46489 | Depths:1 | Killed a shard shrike
 46489 | Depths:1 | Received a gift from Okawaru
 46496 | Depths:1 | Killed a shard shrike
 46600 | Depths:1 | Got the Book of Graupel
 46602 | Depths:1 | Got the Monograph on Phlogiston
 46604 | Depths:1 | Got the Secrets of Scree
 46614 | Depths:1 | Got the Secrets of the Sixfirhy
 46779 | Depths:2 | Found a one-way gate leading to the halls of Pandemonium.
 46831 | Depths:2 | Noticed Vv
 46850 | Depths:2 | Killed Vv
 46946 | Depths:2 | Found a magical portal.
 46951 | WizLab   | Entered Iskenderun's Mystic Tower
 47161 | Depths:2 | Found a one-way gate to the infinite horrors of the Abyss.
 47317 | Depths:2 | Identified the ring "Akhus" {*Slow rF+ rC++ rCorr Dex+3}
 47327 | Depths:2 | Identified the +5 ring mail of Autumn {Will+ Dex+4}
                  | (Okawaru gifted it to you on level 2 of the Depths)
 47327 | Depths:2 | Received a gift from Okawaru
 47332 | Depths:2 | Found a snail-covered altar of Cheibriados.
 47504 | Depths:2 | Noticed a caustic shrike
 47516 | Depths:2 | Killed a caustic shrike
 47924 | Depths:2 | Identified the +8 rapier of Qoiqy {heavy, rCorr Str+3
                  | Int+5}
 48238 | Depths:3 | Noticed a caustic shrike
 48239 | Depths:3 | Found a transporter.
 48241 | Depths:3 | Noticed a caustic shrike
 48457 | Depths:3 | Noticed Osilorir's ghost (veteran MfMo)
 48467 | Depths:3 | Found a transporter.
 48697 | Depths:4 | Entered Level 4 of the Depths
 48784 | Depths:4 | Paralysed by a vampire knight for 4 turns
 48814 | Depths:4 | Received a gift from Okawaru
 48820 | Depths:4 | Noticed Grunn
 48826 | Depths:4 | Reached XP level 24. HP: 151/237 MP: 33/33
 48834 | Depths:4 | Killed Grunn
 48846 | Depths:4 | Identified the +0 sling "Pakh" {heavy, Dex+6}
 49307 | Depths:4 | Identified the +3 crystal plate armour of the Bulwark {rF-
                  | rCorr Int+7 SInv} (Okawaru gifted it to you on level 4 of
                  | the Depths)
 49307 | Depths:4 | Received a gift from Okawaru
 49322 | Depths:4 | Noticed Jory
 49335 | Depths:4 | Killed Jory
 49537 | Depths:4 | Found a gate to the Realm of Zot.
 50629 | Vaults:4 | Noticed Donald
 50641 | Vaults:4 | Killed Donald
 50687 | Vaults:4 | Found Lofaar's Antique Armour Boutique.
 50710 | Vaults:4 | Bought an embroidered cloak for 225 gold pieces
 50745 | Vaults:4 | Noticed Bai Suzhen
 50756 | Vaults:4 | Killed Bai Suzhen
 50852 | Vaults:4 | Identified the +0 cloak of Duty {MP+9 Stlth+}
 50896 | Vaults:4 | Noticed Sojobo
 50898 | Vaults:4 | Paralysed by an air elemental for 1 turns
 50905 | Vaults:4 | Paralysed by an air elemental for 1 turns
 50918 | Vaults:4 | Killed Sojobo
 51212 | Vaults:4 | Received a gift from Okawaru
 51664 | Vaults:4 | Identified the ring "Notoh" {rC++ MP+9 AC+4}
 51843 | Vaults:5 | Entered Level 5 of the Vaults
 51961 | Vaults:5 | Received a gift from Okawaru
 51966 | Vaults:5 | Reached XP level 25. HP: 69/249 MP: 33/33
 51974 | Vaults:5 | Found Siuwuura's Armour Shoppe.
 51974 | Vaults:5 | Identified the +6 halberd "Xonkuem" {speed, +Blink Str+6
                  | Int-4}
 51974 | Vaults:5 | Identified the +6 scale mail of Wonder {rCorr Slay+3}
 51989 | Vaults:5 | Received a gift from Okawaru
 52016 | Vaults:5 | Received a gift from Okawaru
 52136 | Vaults:5 | Identified the -1 tower shield of the Old and Reckless
                  | {rElec Int+3} (Okawaru gifted it to you on level 5 of the
                  | Vaults)
 52136 | Vaults:5 | Received a gift from Okawaru
 52261 | Vaults:5 | Noticed an ancient lich
 52270 | Vaults:5 | Killed an ancient lich
 52287 | Vaults:5 | Identified the +1 shortbow "Kiyphew" {flame, rC++ Will+
                  | Str+2}
 52445 | Vaults:5 | Got the Essays on the Body
 52571 | Vaults:5 | Got a silver rune of Zot
 52999 | Vaults:5 | Identified the +6 mace "Bodo Vae" {flame, rC- rN+ Will+
                  | Str+2}
 53216 | Vaults:5 | Noticed an ancient lich
 53229 | Vaults:5 | Killed an ancient lich
 53243 | Vaults:5 | Identified the +6 trident of Basuf {venom, Str+3}
 53751 | Swamp:3  | Identified the +4 chain mail "Nuunawuf" {rC+ Will+ Slay-2}
                  | (Okawaru gifted it to you on level 3 of the Swamp)
 53751 | Swamp:3  | Received a gift from Okawaru
 53793 | Swamp:3  | Killed epsilonplus's ghost
 53856 | Swamp:3  | Identified the +8 broad axe of the Exiled Eyes {venom,
                  | rCorr Int+3}
 54225 | Depths:3 | Killed Osilorir's ghost
 54239 | Depths:3 | Identified the ring "Xuoqokk" {rC+ Will++ Str+6 Int-2
                  | Dex+3}
 54240 | Depths:3 | Identified the ring "Qalistiu" {rPois EV+5 Int+3}
 54360 | Zot:1    | Entered Level 1 of the Realm of Zot
 54778 | Zot:1    | Reached XP level 26. HP: 228/261 MP: 33/33
 55450 | Zot:2    | Received a gift from Okawaru
 55503 | Zot:2    | Received a gift from Okawaru
 56169 | Zot:2    | Received a gift from Okawaru
 57288 | Zot:3    | Noticed an orb of fire
 57298 | Zot:3    | Killed an orb of fire
 57327 | Zot:3    | Noticed an orb of fire
 57338 | Zot:3    | Killed an orb of fire
 57338 | Zot:3    | Received a gift from Okawaru
 57343 | Zot:3    | Reached skill level 27 in Fighting
 57343 | Zot:3    | Reached skill level 27 in Armour
 57356 | Zot:3    | Reached skill level 27 in Shields
 58294 | Zot:4    | Found a transporter.
 58303 | Zot:4    | Found a bloodstained altar of Trog.
 58303 | Zot:4    | Identified the +1 cloak of Curiosity {+Inv}
 58304 | Zot:4    | Noticed Xapeig's ghost (legendary GrAr)
 58363 | Zot:4    | Noticed an orb of fire
 58368 | Zot:4    | Gained mutation: You are dopey. (Int -2) [an orb of fire]
 58375 | Zot:4    | Killed an orb of fire
 58520 | Zot:4    | Found a transporter.
 58525 | Zot:4    | Identified the -1 cloak of Wonder {Str+3 Dex+3}
 59115 | Zot:5    | Entered Level 5 of the Realm of Zot
 59269 | Zot:5    | Received a gift from Okawaru
 59534 | Zot:5    | Noticed a dread lich
 59546 | Zot:5    | Killed a dread lich
 59578 | Zot:5    | Reached XP level 27. HP: 273/273 MP: 9/33
 59644 | Zot:5    | Noticed an orb of fire
 59649 | Zot:5    | Gained mutation: You passively map a small area around you.
                  | [an orb of fire]
 59649 | Zot:5    | Noticed an orb of fire
 59650 | Zot:5    | Gained mutation: You have a somewhat thin skeletal
                  | structure. (Dex +2, Stealth+) [an orb of fire]
 59653 | Zot:5    | Noticed an orb of fire
 59656 | Zot:5    | Noticed a dread lich
 59658 | Zot:5    | Noticed a dread lich
 59660 | Zot:5    | HP: 3/273 [storm dragon/bolt of lightning (21)]
 59660 | Zot:5    | Killed from afar by an orb of fire

Illustrated notes

Levels and vault maps discovered:
D:1:      lemuel_arrival_funnel, layout_loops_corners
D:2:      layout_basic, basic_altar, serial_shops, shop_statue, shop,
          minmay_tromino_v4_a
D:3:      layout_basic, nemelex_xobeh_ov_fountains_minmay,
          chequers_serial_rivers_small_b, grunt_ministairs_1,
          grunt_decor_arrowhead
D:4:      layout_loops_ring, xom_confusion_cloud, mainiacjoe_overflow_24_doors,
          nicolae_dithmenos_shadow_blocks
D:5:      layout_gridville, minmay_temple_entry_drinking_statues
D:6:      layout_rooms, okawaru_gym_becter
D:7:      layout_basic, mainiacjoe_overflow_concentric_impassable,
          gammafunk_ghost_grave, minmay_misc_feat_room
D:8:      minmay_the_grid_triangle_9x9_rhombus_thin
          [minmay_the_grid_triangle_9x9_zippers_vertical,
          minmay_the_grid_triangle_9x9_prize_insulated,
          minmay_the_grid_triangle_9x9_limited_checkers,
          minmay_the_grid_triangle_9x9_semitri], layout_rooms, uniq_gastronok,
          uniq_maggie
D:9:      layout_basic, nicolae_gozag_zags_fifth_avenue, david_orc_3,
          serial_shops, nicolae_shop_stone, minmay_misc_feat_columns,
          minmay_lindwurm_lava
D:10:     layout_stronghold, nicolae_vehumet_radiance, erik_lair_island,
          serial_rivers, chequers_serial_rivers_micro_d,
          chequers_serial_rivers_micro_b, chequers_serial_rivers_small_3,
          chequers_serial_rivers_room_a, chequers_serial_rivers_small_3
D:11:     layout_layer_cave, uniq_nergalle
D:12:     layout_basic, gauntlet_entry_generic
D:13:     kennysheep_seaside_town, layout_loops_cross,
          lightli_vaults_fourway_checkpoint, serial_shops, shop,
          nicolae_straight_to_the_point
D:14:     minmay_clustersquares, layout_layer_cave, serial_shops, shop,
          minmay_door_square, gammafunk_ghost_spectres,
          hangedman_feature_mirror, fedhas_altar_fruit_tree, uniq_kirke
D:15:     hangedman_depths_entry_civil_slaughter, layout_loops_ring,
          lemuel_blue_sif_altar, portal_ice_cave_entry_ice_statue_two,
          corexii_hall_statues_t, billiards_dpeg, uniq_rupert
Temple:   nicolae_temple_great_sept
Lair:1:   layout_hall_layers, basic_altar
Lair:2:   layout_small_grid, nicolae_spider_entry_non_spiders, fungi_pond_lemuel
Lair:3:   layout_long_grid, palyth_hydra_swamp_entry, hibernation_bobbens,
          uniq_amaemon
Lair:4:   layout_regular_city, minmay_slime_entry_pillars, columned_hall_lemuel,
          infiniplex_staircase_pool_2
Lair:5:   minmay_lair_end_enchanted_forest, layout_gridlike,
          serial_bayou_pond_a, serial_bayou_shore_a, grunt_megastairs_1
Swamp:1:  layout_falls_marsh, nicolae_swamp_decorative_isthmus, swamp_pool1
Swamp:2:  layout_falls_marsh, nicolae_swamp_little_swirl
Swamp:3:  layout_basic_swamp, gammafunk_ghost_abyssal_escape, serial_swamp_ruin,
          evilmike_swamp_ruin_house_2, hangedman_swamp_ruin_wall, uniq_mara
Swamp:4:  swamp_pestilence, layout_basic_swamp
Spider:1: layout_spider_delve, nicolae_spider_twisty_arc_passages, uniq_agnes
Spider:2: layout_spider_delve, gammafunk_ghost_tricky_traps
Spider:3: layout_cave_pods, nicolae_spider_bug_shape, uniq_arachne
Spider:4: grunt_spider_rune_parallel
Orc:1:    layout_caves, nicolae_shop_gadgets, uniq_fannar, uniq_jorgrun
Orc:2:    grunt_orc_cross, layout_caves, uniq_sonja
Elf:1:    nicolae_elf_arrival_dilemma, layout_loops_corners, evilmike_minifort,
          minivault_13
Elf:2:    nicolae_elf_blades_splatter_lattice
          [nicolae_blade_entry_hurt_lockers], layout_loops_cross,
          minmay_strange_pillars, minmay_misc_feat_rows, minmay_shop_star,
          uniq_zenata
Elf:3:    minmay_elf_hall_not_hex, layout_loops_corners
Vaults:1: vaults_room_grid, nicolae_vaults_puzzle_piece, grunt_vaults_diagonal,
          nicolae_vaults_little_squares_2, grunt_vaults_swirl,
          hangedman_vaults_impose, vaults_mumra_chevron_long, v_misc_3,
          nicolae_vaults_circle_grid_a, vaults_room_fours,
          nicolae_vaults_angled_halls, vaults_mumra_lcd,
          nicolae_vaults_little_squares_4, layout_vaults_omnibox
Vaults:2: ontoclasm_vaults_bender, hangedman_vaults_slice, v_misc_4,
          vaults_room_corners, nicolae_vaults_halls_meeting,
          nicolae_vaults_rhombus_6, nicolae_vaults_network_star,
          layout_vaults_omnigrid, uniq_nikola
Vaults:3: nicolae_vaults_hallways_thing, vaults_room_door_ring,
          vaults_dpeg_hooks, vaults_dpeg_emergency_exit, v_misc_4,
          vaults_standard_mumra_lines, minmay_crypt_entry_simple_plaza,
          v_misc_28, nicolae_vaults_diagonal_hallway_7, vaults_room_pool,
          layout_vaults_maze_snakey, serial_shops,
          nicolae_shop_overgrown_old_shop, uniq_aizul
Vaults:4: nicolae_vaults_little_squares_5, nicolae_vaults_back_hallway,
          nicolae_vaults_three_branches, ontoclasm_vaults_gateway,
          vaults_room_mumra_shop_pool, nicolae_vaults_know_your_exits,
          nicolae_vaults_windows_and_doors_thing, nicolae_vaults_little_ls,
          dpeg_vaults_monster_box, nicolae_vaults_yaktaur_gun_rack,
          ontoclasm_vaults_eye, layout_vaults_omnicross, uniq_donald,
          uniq_bai_suzhen, uniq_sojobo
Vaults:5
Crypt:1:  layout_misc_corridors, roderic_lattice_octagonal_star, uniq_saint_roka
Crypt:2:  layout_misc_corridors, grunt_ministairs_14, st_stairs_9,
          hangedman_weighted_door, nicolae_danse_macabre
Crypt:3:  church_of_pain_bobbens, layout_chaotic_city, tomb_entry_simple_bobbens
Depths:1: mu_elemental_laboratory, layout_cave_shapes, enter_ziggurat_e,
          serial_shops, shop, nicolae_trove_entry_diagonal,
          grunt_hell_entry_dis_grunt, minmay_fractal_squares_diagonal_5
Depths:2: minmay_fractal_lines_corner, layout_basic, mu_enter_wizlab_7,
          abyss_entry, rand_demon_pan_entry_8, serial_glass, glass_columns_a,
          glass_columns_c, glass_columns_b, glass_columns_b, glass_columns_c,
          glass_columns_c, glass_columns_a, glass_columns_a, glass_columns_b,
          glass_columns_a, glass_columns_a, glass_columns_c, glass_columns_c,
          glass_columns_c, minmay_strange_pillars, due_unseen_surprise,
          minmay_strange_pillars, minmay_strange_pillars, cheibriados_altar_1,
          hell_entry, uniq_vv
Depths:3: hangedman_arrow_trap, layout_cave_shapes,
          abyss_entry_small_statue_room, hellmouth_1,
          gammafunk_ghost_berserking_beasts, st_stairs_14
Depths:4: evilmike_zot_entry_diamond, layout_gridlike, serial_sigils,
          serial_sigils_hangedman_etch, serial_sigils_hangedman_confine,
          serial_sigils_hangedman_gnaw, serial_sigils_hangedman_writhe,
          grunt_mini_vestibule, pan_entry, uniq_jory, uniq_grunn
Zot:1:    layout_misc_corridors, guppyfry_library_mini, grunt_megastairs_5
Zot:2:    layout_gridlike
Zot:3:    layout_cathedral_of_symmetry, hangedman_elemental_grid_stream
Zot:4:    layout_twisted_circle, gammafunk_ghost_wrathful_warriors
Zot:5:    layout_basic, st_stairs_7

Skill      XL: |  1  2  3  4  5  6  7  8  9 10 11 12 13 14 15 16 17 18 19 20 21 22 23 24 25 26 |
---------------+-------------------------------------------------------------------------------+-----
Axes           | 3 4 5 7 8 9 11 13 14 16 17 18 19 21 22 23 24 | 24.0
Armour         | 4 5 6 7 8 9 10 11 13 14 16 17 18 20 21 22 23 25 26 27 | 27.0
Fighting       | 4 5 6 7 8 10 11 12 13 14 16 17 18 20 21 22 23 25 26 27 | 27.0
Shields        | 4 5 6 7 8 9 10 11 12 14 16 17 18 20 21 22 23 25 26 27 | 27.0
Throwing       | 1 2 3 4 5 6 7 8 9 10 14 | 14.8
Invocations    | 2 4 5 6 7 8 10 11 12 14 15 | 15.0
Evocations     | 5 8 |  8.0

Action                     |  1- 3 |  4- 6 |  7- 9 | 10-12 | 13-15 | 16-18 | 19-21 | 22-24 | 25-27 || total
---------------------------+-------+-------+-------+-------+-------+-------+-------+-------+-------++-------
  Melee: War axe           |    60 |   114 |   207 |       |   860 |  1035 |   529 |  1156 |   678 ||  4639
         Headbutt          |     9 |    21 |    46 |   102 |   275 |   303 |   142 |   403 |   226 ||  1527
         Broad axe         |       |       |       |   445 |   127 |       |       |       |       ||   572
         Unarmed           |       |       |       |       |       |       |       |       |     1 ||     1
  Throw: Dart              |       |       |     1 |     3 |       |       |       |       |       ||     4
         Boomerang         |       |       |       |       |    36 |    95 |    13 |    53 |   156 ||   353
         Javelin           |       |       |       |       |       |       |       |     2 |       ||     2
 Invoke: Heroism           |       |       |     2 |     2 |     7 |     2 |       |     1 |     4 ||    18
         Finesse           |       |       |       |     1 |     5 |       |       |     1 |     4 ||    11
  Evoke: Wand              |       |       |       |       |     1 |       |       |       |       ||     1
    Use: Scroll            |     2 |       |    13 |    23 |    11 |     6 |     4 |     6 |     4 ||    69
         Potion            |       |       |       |     1 |     1 |     7 |     1 |     8 |     6 ||    24
   Stab: Confused          |       |       |       |       |       |     1 |       |       |       ||     1
 Armour: Scale mail        |    41 |    25 |       |       |       |       |       |       |       ||    66
         Chain mail        |       |    34 |   105 |   188 |   279 |       |       |       |       ||   606
         Plate armour      |       |       |       |       |     6 |    11 |   186 |   389 |   187 ||   779
         Ice dragon scales |       |       |       |       |       |   542 |       |       |       ||   542
  Dodge: Dodged            |    20 |    58 |   153 |   255 |   212 |   331 |    98 |   247 |   183 ||  1557
  Block: Buckler           |    11 |    29 |    83 |   172 |       |       |       |       |       ||   295
         Kite shield       |       |       |       |    34 |   607 |       |       |       |       ||   641
         Reflection        |       |       |       |       |    39 |    96 |   100 |    61 |    25 ||   321
         Tower shield      |       |       |       |       |    41 |  1473 |   616 |  1276 |   758 ||  4164

Table legend: (Time is in decaauts)
 A = Elapsed time spent in this place.
 B = Non-inter-level travel time spent in this place.
 C = Inter-level travel time spent in this place.
 D = Time resting spent in this place.
 E = Time spent auto-exploring this place.
 F = Levels seen in this place.
 G = Mean time per level.
                   A        B        C        D        E       F      G
               +--------+--------+--------+--------+--------+-----+--------+
         Total |  57918 |  53566 |   4352 |   4081 |  33956 |  55 | 1053.1 |
       Dungeon |  18487 |  16480 |   2007 |    942 |  11324 |  15 | 1232.5 |
        Temple |     82 |     82 |      0 |      0 |     58 |   1 |   82.0 |
          Lair |   6123 |   5672 |    451 |     92 |   4507 |   5 | 1224.6 |
         Swamp |   3580 |   3256 |    324 |    325 |   2048 |   4 |  895.0 |
   Spider Nest |   3949 |   3766 |    183 |      0 |   2606 |   4 |  987.2 |
  Orcish Mines |   1520 |   1357 |    163 |      0 |    839 |   2 |  760.0 |
   Elven Halls |   4479 |   4292 |    187 |    378 |   2397 |   3 | 1493.0 |
        Vaults |   6364 |   5913 |    451 |    377 |   3661 |   5 | 1272.8 |
         Crypt |   1873 |   1727 |    146 |    212 |    940 |   3 |  624.3 |
        Depths |   4731 |   4482 |    249 |    614 |   2308 |   4 | 1182.8 |
           Zot |   4724 |   4538 |    186 |    652 |   2652 |   5 |  944.8 |
         Abyss |      6 |      6 |      0 |      0 |      0 |   1 |    6.0 |
      Ice Cave |   1101 |   1101 |      0 |     84 |    567 |   1 | 1101.0 |
        Wizlab |     47 |     47 |      0 |      0 |      0 |   1 |   47.0 |
      Gauntlet |    846 |    846 |      0 |    404 |     49 |   1 |  846.0 |
               +--------+--------+--------+--------+--------+-----+--------+

Top non-repeatable levels by time:
    D:13: 2302 daAuts
   Elf:1: 1773 daAuts
    D:14: 1675 daAuts
   Elf:3: 1660 daAuts
Vaults:4: 1614 daAuts
  Lair:5: 1559 daAuts
     D:9: 1496 daAuts
   Zot:3: 1489 daAuts
    D:10: 1478 daAuts
Vaults:5: 1418 daAuts
Depths:4: 1404 daAuts
Vaults:2: 1385 daAuts
  Lair:3: 1287 daAuts
    D:11: 1268 daAuts
 Swamp:4: 1253 daAuts
